Tampa Bay Lightning vs Anaheim Ducks
Created - Thursday, April 6, 2023 at 07:17
Goals
|
| Tampa Bay Lightning |
0 |
1 |
2 |
3 |
| Anaheim Ducks |
1 |
1 |
3 |
5 |
|
Shots
|
| Tampa Bay Lightning |
8 |
12 |
21 |
41 |
| Anaheim Ducks |
7 |
9 |
15 |
31 |
|
1st period
1. Anaheim Ducks , J.T. Compher 2 (Mason Marchment 5, Brayden Schenn 4) at 13:22
Penalties :
Dylan Cozens (TBL) for Hooking (Minor) at 1:45
2nd period
2. Tampa Bay Lightning , Connor Brown 7 (Lars Eller 2) at 6:57
3. Anaheim Ducks , Teuvo Teravainen 3 (Ivan Provorov 10, Robin Lehner) at 9:07 (PP)
Penalties :
Tomas Hertl (TBL) for Goalie Interference (Minor) at 2:40, Vladislav Gavrikov (TBL) for Slashing (Minor) at 8:32, Jakob Chychrun (ANA) for Holding (Minor) at 16:32
3rd period
4. Anaheim Ducks , J.T. Compher 3 (Chandler Stephenson 4, Alex Killorn 6) at 10:28 (SH)
5. Tampa Bay Lightning , Gabriel Landeskog 10 (Kirill Kaprizov 17, Anze Kopitar 12) at 10:39 (PP)
6. Anaheim Ducks , J.T. Compher 4 (Jakob Chychrun 5, Brayden Schenn 5) at 13:27
7. Anaheim Ducks , Brayden Schenn 6 (Teuvo Teravainen 4) at 15:52
8. Tampa Bay Lightning , Tomas Hertl 12 (Kirill Kaprizov 18, Johnny Gaudreau 15) at 16:42
Penalties :
John Tavares (ANA) for Roughing (Minor) at 3:37, Teuvo Teravainen (ANA) for Interference (Minor) at 8:41
Goalie Stats
Jeremy Swayman (TBL), 26 saves from 31 shots - (0.839), L, 5-3-0, 60:00 minutes
Robin Lehner (ANA), 38 saves from 41 shots - (0.927), W, 3-1-1, 60:00 minutes
Players Stats for Tampa Bay Lightning
Player Name G A P +/- PIM S H SB GA TA FO MP PP MP PK MP
------------------------------------------------------------------------------------
Alexander Kerfoot 0 0 0 -1 0 1 0 1 0 0 0/0 9:54 0:00 0:45
Alexander Romanov 0 0 0 0 0 1 1 2 0 0 0/0 18:15 0:00 2:52
Anze Kopitar 0 1 1 0 0 1 4 0 0 0 7/12 19:03 3:30 2:29
Christian Dvorak 0 0 0 0 0 1 0 0 0 0 0/0 15:35 0:00 2:28
Connor Brown 1 0 1 1 0 5 0 0 0 1 0/1 12:50 0:00 1:29
Darnell Nurse 0 0 0 0 0 1 0 2 0 0 0/0 22:39 2:41 1:27
Dylan Cozens 0 0 0 0 2 3 1 0 0 0 4/13 14:53 2:26 0:25
Gabriel Landeskog 1 0 1 0 0 1 2 0 2 0 2/4 16:37 3:30 0:00
Hampus Lindholm 0 0 0 0 0 0 0 1 0 1 0/0 17:30 3:15 0:00
Ivan Barbashev 0 0 0 -1 0 3 1 0 0 1 1/1 8:39 0:00 0:00
Johnny Gaudreau 0 1 1 -2 0 8 1 1 0 2 0/1 18:09 2:26 0:00
Kirill Kaprizov 0 2 2 -1 0 4 2 2 1 0 0/2 20:16 3:30 0:36
Lars Eller 0 1 1 -1 0 1 1 0 0 0 2/2 8:39 0:00 0:00
Moritz Seider 0 0 0 -2 0 4 0 1 0 1 0/0 20:19 3:15 1:12
Roope Hintz 0 0 0 1 0 3 0 0 2 2 0/2 15:00 2:41 0:00
Ryan Graves 0 0 0 -1 0 2 1 2 0 1 0/0 17:18 0:00 1:27
Tomas Hertl 1 0 1 -2 2 2 0 0 0 1 11/18 19:15 2:26 0:54
Vladislav Gavrikov 0 0 0 -1 2 0 1 3 0 0 0/0 20:33 0:00 2:08
Players Stats for Anaheim Ducks
Player Name G A P +/- PIM S H SB GA TA FO MP PP MP PK MP
------------------------------------------------------------------------------------
Alex Killorn 0 1 1 0 0 0 0 0 1 0 1/1 14:34 0:00 4:00
Alexandre Texier 0 0 0 1 0 1 1 0 1 0 0/0 13:02 0:00 1:55
Brayden Schenn 1 2 3 1 0 3 1 1 2 0 0/2 17:49 2:08 0:46
Brenden Dillon 0 0 0 0 0 0 1 0 0 1 0/0 13:01 0:00 0:17
Chandler Stephenson 0 1 1 0 0 2 2 0 0 1 6/12 14:41 0:00 4:01
Esa Lindell 0 0 0 1 0 3 1 2 0 0 0/0 22:35 2:08 3:37
Ivan Provorov 0 1 1 -1 0 0 1 1 2 1 0/0 28:56 2:25 4:15
J.T. Compher 3 0 3 3 0 3 0 0 0 0 1/1 8:52 0:00 1:10
Jakob Chychrun 0 1 1 3 2 1 1 0 1 0 0/0 18:08 2:08 1:24
John Tavares 0 0 0 1 2 2 0 0 0 0 4/7 16:23 2:08 0:00
Josh Manson 0 0 0 1 0 0 0 1 0 1 0/0 15:03 0:00 2:19
Josh Morrissey 0 0 0 0 0 0 0 4 0 1 0/0 22:22 2:25 0:00
Mark Scheifele 0 0 0 -2 0 3 1 2 1 0 3/4 19:18 2:25 0:00
Mason Marchment 0 1 1 2 0 2 1 0 0 0 0/0 7:09 0:00 0:00
Nazem Kadri 0 0 0 -2 0 5 0 0 0 0 12/23 19:18 2:25 0:00
Radek Faksa 0 0 0 2 0 0 1 0 0 0 1/4 7:09 0:00 0:00
Teuvo Teravainen 1 1 2 1 2 4 1 1 1 0 0/0 16:23 2:08 0:00
William Nylander 0 0 0 -2 0 2 1 0 1 0 1/2 19:18 2:25 0:00
3 Stars
1 - J.T. Compher (ANA)
2 - Brayden Schenn (ANA)
3 - Teuvo Teravainen (ANA)
Power Play
Tampa Bay Lightning - 1 on 3 Attempt(s) - 33.33%
Anaheim Ducks - 1 on 3 Attempt(s) - 33.33%
Penalty Kill
Tampa Bay Lightning - 2 on 3 Attempt(s) - 66.67%
- Score 0 goal in Penalty Kill
Anaheim Ducks - 2 on 3 Attempt(s) - 66.67%
- Score 1 goal in Penalty Kill
Team Stat
Tampa Bay Lightning - Hits : 15 - Faceoff Wins : 27 - Blocked Shots : 15 - Penalty Minutes : 6
Anaheim Ducks - Hits : 13 - Faceoff Wins : 29 - Blocked Shots : 12 - Penalty Minutes : 6
Official
Referees : Dave Jackson and Greg Kimmerly
Linesman : Ryan Gibbons and Andy McElman
Game Notes
J.T. Compher has scored a Hat Trick!
Finance
Level 1 -- Attendance: 4323 (72.05%) -- Ticket Income $432,300
Level 2 -- Attendance: 4141 (82.82%) -- Ticket Income $248,460
Level 3 -- Attendance: 1830 (61.00%) -- Ticket Income $84,180
Level 4 -- Attendance: 3789 (75.78%) -- Ticket Income $94,725
Luxury Box -- Attendance: 794 (79.40%) -- Ticket Income $158,800
Game was played at the Honda Center.
Total Attendance: 14877 (74.39%)
Total Ticket Income: $1,018,465
Other Income: $356,463
Total Income: $1,374,928
Tampa Bay Lightning
5 vs 5 Forward
Center Left Wing Right Wing Time % Phy DF OF
1 Tomas Hertl Johnny Gaudreau Kirill Kaprizov 35 0 1 4
2 Anze Kopitar Christian Dvorak Gabriel Landeskog 30 0 3 2
3 Dylan Cozens Roope Hintz Connor Brown 25 0 2 3
4 Lars Eller Alexander Kerfoot Ivan Barbashev 10 0 3 2
5 vs 5 Defense
Defense Defense Time % Phy DF OF
1 Darnell Nurse Vladislav Gavrikov 35 1 2 2
2 Moritz Seider Ryan Graves 32 1 2 2
3 Hampus Lindholm Alexander Romanov 28 1 2 2
4 Darnell Nurse Moritz Seider 5 1 2 2
PowerPlay Forward
Center Left Wing Right Wing Time % Phy DF OF
1 Anze Kopitar Kirill Kaprizov Gabriel Landeskog 60 0 1 4
2 Tomas Hertl Johnny Gaudreau Dylan Cozens 40 0 1 4
PowerPlay Defense
Defense Defense Time % Phy DF OF
1 Moritz Seider Hampus Lindholm 60 0 2 3
2 Darnell Nurse Roope Hintz 40 0 2 3
Penalty Kill 4 Players Forward
Center Wing Time % Phy DF OF
1 Anze Kopitar Christian Dvorak 60 1 3 1
2 Tomas Hertl Connor Brown 40 1 3 1
Penalty Kill 4 Players Defense
Defense Defense Time % Phy DF OF
1 Vladislav Gavrikov Alexander Romanov 60 1 3 1
2 Darnell Nurse Ryan Graves 40 1 3 1
Penalty Kill - 3 Players Forward
Forward Time % Phy DF OF
1 Tomas Hertl 60 1 4 0
2 Christian Dvorak 40 1 4 0
Penalty Kill - 3 Players Defense
Defense Defense Time % Phy DF OF
1 Vladislav Gavrikov Alexander Romanov 60 2 3 0
2 Darnell Nurse Ryan Graves 40 2 3 0
4 vs 4 Forward
Center Wing Time % Phy DF OF
1 Anze Kopitar Kirill Kaprizov 60 1 2 2
2 Tomas Hertl Johnny Gaudreau 40 1 2 2
4 vs 4 Defense
Defense Defense Time % Phy DF OF
1 Darnell Nurse Moritz Seider 60 1 2 2
2 Vladislav Gavrikov Alexander Romanov 40 1 2 2
Last Minutes Offensive
Center Left Wing Right Wing Defense Defense
Tomas Hertl Johnny Gaudreau Gabriel Landeskog Darnell Nurse Moritz Seider
Last Minutes Defensive
Center Left Wing Right Wing Defense Defense
Tomas Hertl Ivan Barbashev Connor Brown Darnell Nurse Vladislav Gavrikov
Goaltenders
Starting : Jeremy Swayman
Backup : Darcy Kuemper
Extra Forwards
Normal : Gabriel Landeskog, Kirill Kaprizov, Roope Hintz - PP : Ivan Barbashev, Alexander Kerfoot - PK : Alexander Kerfoot
Extra Defensemen
Normal : Moritz Seider, Vladislav Gavrikov, Ryan Graves - PP : Vladislav Gavrikov - PK : Moritz Seider, Hampus Lindholm
Penalty Shots
Christian Dvorak, Alexander Kerfoot, Kirill Kaprizov, Johnny Gaudreau, Gabriel Landeskog
Anaheim Ducks
5 vs 5 Forward
Center Left Wing Right Wing Time % Phy DF OF
1 Nazem Kadri Mark Scheifele William Nylander 37 1 2 2
2 John Tavares Brayden Schenn Teuvo Teravainen 33 1 2 2
3 Chandler Stephenson Alexandre Texier Alex Killorn 25 1 2 2
4 Radek Faksa J.T. Compher Mason Marchment 5 1 2 2
5 vs 5 Defense
Defense Defense Time % Phy DF OF
1 Ivan Provorov Josh Morrissey 40 1 2 2
2 Jakob Chychrun Esa Lindell 30 1 2 2
3 Brenden Dillon Josh Manson 20 1 2 2
4 Ivan Provorov Esa Lindell 10 1 2 2
PowerPlay Forward
Center Left Wing Right Wing Time % Phy DF OF
1 Nazem Kadri Mark Scheifele William Nylander 60 1 2 2
2 John Tavares Brayden Schenn Teuvo Teravainen 40 1 2 2
PowerPlay Defense
Defense Defense Time % Phy DF OF
1 Ivan Provorov Josh Morrissey 60 1 2 2
2 Esa Lindell Jakob Chychrun 40 1 2 2
Penalty Kill 4 Players Forward
Center Wing Time % Phy DF OF
1 Chandler Stephenson Alex Killorn 60 1 2 2
2 J.T. Compher Alexandre Texier 40 1 2 2
Penalty Kill 4 Players Defense
Defense Defense Time % Phy DF OF
1 Ivan Provorov Esa Lindell 60 1 2 2
2 Josh Manson Jakob Chychrun 40 1 2 2
Penalty Kill - 3 Players Forward
Forward Time % Phy DF OF
1 Alex Killorn 60 1 2 2
2 Teuvo Teravainen 40 1 2 2
Penalty Kill - 3 Players Defense
Defense Defense Time % Phy DF OF
1 Ivan Provorov Esa Lindell 60 1 2 2
2 Josh Manson Jakob Chychrun 40 1 2 2
4 vs 4 Forward
Center Wing Time % Phy DF OF
1 Nazem Kadri William Nylander 60 1 2 2
2 John Tavares Mark Scheifele 40 1 2 2
4 vs 4 Defense
Defense Defense Time % Phy DF OF
1 Esa Lindell Ivan Provorov 60 1 2 2
2 Brenden Dillon Jakob Chychrun 40 1 2 2
Last Minutes Offensive
Center Left Wing Right Wing Defense Defense
Nazem Kadri Mark Scheifele William Nylander Jakob Chychrun Josh Morrissey
Last Minutes Defensive
Center Left Wing Right Wing Defense Defense
Chandler Stephenson Alex Killorn Alexandre Texier Ivan Provorov Esa Lindell
Goaltenders
Starting : Robin Lehner
Backup : Jack Campbell
Extra Forwards
Normal : Nazem Kadri, William Nylander, Mark Scheifele - PP : William Nylander, Nazem Kadri - PK : Alex Killorn
Extra Defensemen
Normal : Ivan Provorov, Esa Lindell, Jakob Chychrun - PP : Josh Morrissey - PK : Ivan Provorov, Esa Lindell
Penalty Shots
Jakob Chychrun, Brenden Dillon, Mark Scheifele, John Tavares, Nazem Kadri
% Time on Ice - Tampa Bay Lightning
Lines # - Real PCT - Wanted PCT - Time Play
Normal Forward
1 - 34% - 35% - 16:48
2 - 26% - 30% - 12:43
3 - 23% - 25% - 11:21
4 - 17% - 10% - 8:39
Normal Defense
1 - 36% - 35% - 18:04
2 - 33% - 32% - 16:22
3 - 29% - 28% - 14:15
4 - 2% - 5% - 0:50
PP Forward
1 - 59% - 60% - 3:30
2 - 41% - 40% - 2:26
PP Defense
1 - 55% - 60% - 3:15
2 - 45% - 40% - 2:41
PK Forward
1 - 67% - 60% - 3:04
2 - 33% - 40% - 1:29
PK Defense
1 - 68% - 60% - 3:06
2 - 32% - 40% - 1:27
PK3 Forward
1 - 0% - 60%
2 - 0% - 40%
PK3 Defense
1 - 0% - 60%
2 - 0% - 40%
44 Forward
1 - 0% - 60%
2 - 0% - 40%
44 Defense
1 - 0% - 60%
2 - 0% - 40%
Last Minute Offensive - 0:00
Last Minute Defensive - 0:00
Total
Forward - 60:00
Defense - 60:00
|
% Time on Ice - Anaheim Ducks
Lines # - Real PCT - Wanted PCT - Time Play
Normal Forward
1 - 35% - 37% - 17:32
2 - 29% - 33% - 14:16
3 - 21% - 25% - 10:34
4 - 14% - 5% - 7:09
Normal Defense
1 - 41% - 40% - 20:06
2 - 30% - 30% - 14:37
3 - 26% - 20% - 12:38
4 - 4% - 10% - 2:10
PP Forward
1 - 53% - 60% - 2:25
2 - 47% - 40% - 2:08
PP Defense
1 - 53% - 60% - 2:25
2 - 47% - 40% - 2:08
PK Forward
1 - 80% - 60% - 4:46
2 - 20% - 40% - 1:10
PK Defense
1 - 61% - 60% - 3:37
2 - 39% - 40% - 2:19
PK3 Forward
1 - 0% - 60%
2 - 0% - 40%
PK3 Defense
1 - 0% - 60%
2 - 0% - 40%
44 Forward
1 - 0% - 60%
2 - 0% - 40%
44 Defense
1 - 0% - 60%
2 - 0% - 40%
Last Minute Offensive - 0:00
Last Minute Defensive - 0:00
Total
Forward - 60:00
Defense - 60:00
|
Play-by-Play
1st period
0:01 of 1st period - Nazem Kadri wins face-off versus Kirill Kaprizov in neutral zone.
0:12 of 1st period - Slapshot by Nazem Kadri.
0:12 of 1st period - Shot Blocked by Darnell Nurse.
0:55 of 1st period - Wrist shot by Mason Marchment.
0:55 of 1st period - Stopped by Jeremy Swayman without a rebound.
0:56 of 1st period - Dylan Cozens wins face-off versus Radek Faksa in Tampa Bay Lightning zone.
1:06 of 1st period - Icing by Brenden Dillon.
1:07 of 1st period - Lars Eller wins face-off versus Radek Faksa in Anaheim Ducks zone.
1:18 of 1st period - Alexander Romanov is hit by Brenden Dillon and loses puck.
1:45 of 1st period - Minor Penalty to Dylan Cozens for Hooking.
1:46 of 1st period - Nazem Kadri wins face-off versus Anze Kopitar in Tampa Bay Lightning zone.
3:45 of 1st period - Penalty to Dylan Cozens is over, Dylan Cozens is back on ice.
3:46 of 1st period - Ivan Provorov is hit by Kirill Kaprizov and loses puck.
5:24 of 1st period - Snap shot by Dylan Cozens.
5:24 of 1st period - Shot Blocked by Ivan Provorov.
5:26 of 1st period - Wrist shot by Connor Brown.
5:26 of 1st period - Shot Blocked by Josh Morrissey.
5:28 of 1st period - Slapshot by Moritz Seider.
5:28 of 1st period - Shot Misses the Net.
5:43 of 1st period - Teuvo Teravainen is hit by Gabriel Landeskog and loses puck.
6:01 of 1st period - Alexandre Texier is hit by Anze Kopitar and loses puck.
6:24 of 1st period - Wrist shot by Nazem Kadri.
6:24 of 1st period - Stopped by Jeremy Swayman without a rebound.
6:25 of 1st period - John Tavares wins face-off versus Tomas Hertl in Tampa Bay Lightning zone.
6:26 of 1st period - Snap shot by Teuvo Teravainen.
6:26 of 1st period - Shot Hit the Post.
6:28 of 1st period - Wrist shot by John Tavares.
6:28 of 1st period - Shot Blocked by Johnny Gaudreau.
6:36 of 1st period - John Tavares is hit by Kirill Kaprizov and loses puck.
6:51 of 1st period - Backhand shot by Kirill Kaprizov.
6:51 of 1st period - Stopped by Robin Lehner with a rebound.
6:53 of 1st period - Slapshot by Moritz Seider.
6:53 of 1st period - Deflect By Johnny Gaudreau.
6:53 of 1st period - Stopped by Robin Lehner with a rebound.
6:55 of 1st period - Slapshot by Tomas Hertl.
6:55 of 1st period - Shot Misses the Net.
6:57 of 1st period - Wrist shot by Tomas Hertl.
6:57 of 1st period - Shot Blocked by Brayden Schenn.
7:13 of 1st period - Snap shot by Teuvo Teravainen.
7:13 of 1st period - Stopped by Jeremy Swayman without a rebound.
7:14 of 1st period - Nazem Kadri wins face-off versus Dylan Cozens in Tampa Bay Lightning zone.
8:06 of 1st period - Vladislav Gavrikov is hit by Mason Marchment and loses puck.
8:47 of 1st period - Moritz Seider is hit by Alexandre Texier and loses puck.
8:52 of 1st period - Slapshot by Chandler Stephenson.
8:52 of 1st period - Shot Misses the Net.
9:08 of 1st period - Slapshot by Mason Marchment.
9:08 of 1st period - Shot Blocked by Ryan Graves.
9:30 of 1st period - Wrist shot by Nazem Kadri.
9:30 of 1st period - Stopped by Jeremy Swayman without a rebound.
9:31 of 1st period - Tomas Hertl wins face-off versus Nazem Kadri in Tampa Bay Lightning zone.
10:31 of 1st period - Snap shot by Johnny Gaudreau.
10:31 of 1st period - Stopped by Robin Lehner without a rebound.
10:32 of 1st period - Nazem Kadri wins face-off versus Dylan Cozens in Anaheim Ducks zone.
11:24 of 1st period - Snap shot by Mason Marchment.
11:24 of 1st period - Stopped by Jeremy Swayman with a rebound.
13:22 of 1st period - Snap shot by J.T. Compher.
13:22 of 1st period - Goal by J.T. Compher - Tampa Bay Lightning : 0 - Anaheim Ducks : 1.
13:23 of 1st period - Anze Kopitar wins face-off versus Nazem Kadri in neutral zone.
14:25 of 1st period - Wrist shot by Connor Brown.
14:25 of 1st period - Shot Misses the Net.
15:01 of 1st period - Wrist shot by Christian Dvorak.
15:01 of 1st period - Shot Blocked by Josh Morrissey.
15:03 of 1st period - Snap shot by Ivan Barbashev.
15:03 of 1st period - Shot Misses the Net.
15:05 of 1st period - Snap shot by Ivan Barbashev.
15:05 of 1st period - Stopped by Robin Lehner without a rebound.
15:06 of 1st period - Lars Eller wins face-off versus John Tavares in Anaheim Ducks zone.
15:19 of 1st period - Snap shot by Lars Eller.
15:19 of 1st period - Stopped by Robin Lehner with a rebound.
15:23 of 1st period - Snap shot by Alexander Kerfoot.
15:23 of 1st period - Stopped by Robin Lehner with a rebound.
15:25 of 1st period - Wrist shot by Ivan Barbashev.
15:25 of 1st period - Stopped by Robin Lehner with a rebound.
15:27 of 1st period - Wrist shot by Lars Eller.
15:27 of 1st period - Shot Blocked by Josh Morrissey.
16:02 of 1st period - Ivan Provorov is hit by Ivan Barbashev and loses puck.
16:49 of 1st period - Snap shot by Ivan Barbashev.
16:49 of 1st period - Stopped by Robin Lehner with a rebound.
17:24 of 1st period - Snap shot by Brayden Schenn.
17:24 of 1st period - Stopped by Jeremy Swayman without a rebound.
17:25 of 1st period - Mark Scheifele wins face-off versus Johnny Gaudreau in Tampa Bay Lightning zone.
17:36 of 1st period - Wrist shot by Mark Scheifele.
17:36 of 1st period - Shot Misses the Net.
19:42 of 1st period - Ivan Provorov is hit by Alexander Romanov and loses puck.
Goals for this period are 0 for Tampa Bay Lightning vs 1 for Anaheim Ducks.
Shots for this period are 8 for Tampa Bay Lightning vs 7 for Anaheim Ducks.
2nd period
0:01 of 2nd period - Tomas Hertl wins face-off versus Nazem Kadri in neutral zone.
0:06 of 2nd period - Backhand shot by Kirill Kaprizov.
0:06 of 2nd period - Shot Misses the Net.
0:26 of 2nd period - John Tavares is hit by Anze Kopitar.
0:48 of 2nd period - Snap shot by Chandler Stephenson.
0:48 of 2nd period - Stopped by Jeremy Swayman without a rebound.
0:49 of 2nd period - Chandler Stephenson wins face-off versus Dylan Cozens in Tampa Bay Lightning zone.
0:52 of 2nd period - Snap shot by Chandler Stephenson.
0:52 of 2nd period - Stopped by Jeremy Swayman without a rebound.
0:53 of 2nd period - Nazem Kadri wins face-off versus Tomas Hertl in Tampa Bay Lightning zone.
1:44 of 2nd period - Connor Brown is hit by Chandler Stephenson and loses puck.
2:40 of 2nd period - Minor Penalty to Tomas Hertl for Goalie Interference.
2:41 of 2nd period - Nazem Kadri wins face-off versus Anze Kopitar in Tampa Bay Lightning zone.
2:56 of 2nd period - Wrist shot by Nazem Kadri.
2:56 of 2nd period - Shot Blocked by Vladislav Gavrikov.
2:58 of 2nd period - Slapshot by Jakob Chychrun.
2:58 of 2nd period - Shot Misses the Net.
4:40 of 2nd period - Penalty to Tomas Hertl is over, Tomas Hertl is back on ice.
5:50 of 2nd period - Snap shot by Dylan Cozens.
5:50 of 2nd period - Shot Misses the Net.
5:52 of 2nd period - Slapshot by Alexander Romanov.
5:52 of 2nd period - Stopped by Robin Lehner without a rebound.
5:53 of 2nd period - Dylan Cozens wins face-off versus Radek Faksa in Anaheim Ducks zone.
5:56 of 2nd period - Wrist shot by Connor Brown.
5:56 of 2nd period - Shot Misses the Net.
6:34 of 2nd period - Wrist shot by Mark Scheifele.
6:34 of 2nd period - Stopped by Jeremy Swayman with a rebound.
6:42 of 2nd period - Josh Manson is hit by Gabriel Landeskog and loses puck.
6:57 of 2nd period - Slapshot by Connor Brown.
6:57 of 2nd period - Goal by Connor Brown - Tampa Bay Lightning : 1 - Anaheim Ducks : 1.
6:58 of 2nd period - Anze Kopitar wins face-off versus Nazem Kadri in neutral zone.
7:03 of 2nd period - Slapshot by Moritz Seider.
7:03 of 2nd period - Shot Blocked by Mark Scheifele.
7:30 of 2nd period - Snap shot by William Nylander.
7:30 of 2nd period - Deflect By Nazem Kadri.
7:30 of 2nd period - Shot Misses the Net.
7:30 of 2nd period - Puck is out of play.
7:31 of 2nd period - John Tavares wins face-off versus Tomas Hertl in Tampa Bay Lightning zone.
7:36 of 2nd period - Snap shot by John Tavares.
7:36 of 2nd period - Stopped by Jeremy Swayman with a rebound.
7:38 of 2nd period - Snap shot by Brayden Schenn.
7:38 of 2nd period - Shot Blocked by Alexander Romanov.
8:07 of 2nd period - Alexander Romanov is hit by Esa Lindell.
8:32 of 2nd period - Minor Penalty to Vladislav Gavrikov for Slashing.
8:33 of 2nd period - Anze Kopitar wins face-off versus Nazem Kadri in Tampa Bay Lightning zone.
9:07 of 2nd period - Wrist shot by Teuvo Teravainen.
9:07 of 2nd period - Goal by Teuvo Teravainen - Tampa Bay Lightning : 1 - Anaheim Ducks : 2.
9:08 of 2nd period - Anze Kopitar wins face-off versus Mark Scheifele in neutral zone.
9:11 of 2nd period - Snap shot by Christian Dvorak.
9:11 of 2nd period - Shot Misses the Net.
9:35 of 2nd period - Ivan Provorov is hit by Johnny Gaudreau and loses puck.
9:46 of 2nd period - Wrist shot by Johnny Gaudreau.
9:46 of 2nd period - Deflect By Kirill Kaprizov.
9:46 of 2nd period - Shot Misses the Net.
9:46 of 2nd period - Puck is out of play.
9:47 of 2nd period - Nazem Kadri wins face-off versus Roope Hintz in Anaheim Ducks zone.
9:56 of 2nd period - Wrist shot by Nazem Kadri.
9:56 of 2nd period - Shot Misses the Net.
10:19 of 2nd period - Snap shot by Connor Brown.
10:19 of 2nd period - Stopped by Robin Lehner with a rebound.
10:21 of 2nd period - Slapshot by Connor Brown.
10:21 of 2nd period - Shot Misses the Net.
10:23 of 2nd period - Slapshot by Moritz Seider.
10:23 of 2nd period - Stopped by Robin Lehner with a rebound.
10:25 of 2nd period - Slapshot by Dylan Cozens.
10:25 of 2nd period - Shot Misses the Net.
10:27 of 2nd period - Wrist shot by Dylan Cozens.
10:27 of 2nd period - Stopped by Robin Lehner with a rebound.
10:29 of 2nd period - Snap shot by Connor Brown.
10:29 of 2nd period - Shot Blocked by Mark Scheifele.
10:31 of 2nd period - Slapshot by Connor Brown.
10:31 of 2nd period - Shot Blocked by Esa Lindell.
10:45 of 2nd period - Wrist shot by Roope Hintz.
10:45 of 2nd period - Shot Misses the Net.
10:50 of 2nd period - Wrist shot by Moritz Seider.
10:50 of 2nd period - Stopped by Robin Lehner without a rebound.
10:51 of 2nd period - Tomas Hertl wins face-off versus John Tavares in Anaheim Ducks zone.
11:02 of 2nd period - Snap shot by Teuvo Teravainen.
11:02 of 2nd period - Shot Misses the Net.
11:08 of 2nd period - Snap shot by Brayden Schenn.
11:08 of 2nd period - Stopped by Jeremy Swayman with a rebound.
11:29 of 2nd period - Slapshot by Christian Dvorak.
11:29 of 2nd period - Shot Blocked by Josh Morrissey.
11:43 of 2nd period - Ivan Barbashev is hit by Ivan Provorov and loses puck.
13:20 of 2nd period - Tomas Hertl is hit by Chandler Stephenson and loses puck.
13:35 of 2nd period - Slapshot by Jakob Chychrun.
13:35 of 2nd period - Shot Blocked by Alexander Romanov.
13:45 of 2nd period - Wrist shot by William Nylander.
13:45 of 2nd period - Stopped by Jeremy Swayman with a rebound.
14:19 of 2nd period - Wrist shot by Gabriel Landeskog.
14:19 of 2nd period - Deflect By Christian Dvorak.
14:19 of 2nd period - Stopped by Robin Lehner without a rebound.
14:20 of 2nd period - Anze Kopitar wins face-off versus Brayden Schenn in Anaheim Ducks zone.
14:35 of 2nd period - Wrist shot by Teuvo Teravainen.
14:35 of 2nd period - Shot Blocked by Vladislav Gavrikov.
14:45 of 2nd period - Josh Manson is hit by Anze Kopitar and loses puck.
15:16 of 2nd period - Wrist shot by Gabriel Landeskog.
15:16 of 2nd period - Deflect By Anze Kopitar.
15:16 of 2nd period - Shot Misses the Net.
15:16 of 2nd period - Puck is out of play.
15:17 of 2nd period - Tomas Hertl wins face-off versus Nazem Kadri in Anaheim Ducks zone.
15:48 of 2nd period - Snap shot by Chandler Stephenson.
15:48 of 2nd period - Shot Blocked by Darnell Nurse.
16:00 of 2nd period - Wrist shot by Kirill Kaprizov.
16:00 of 2nd period - Stopped by Robin Lehner without a rebound.
16:01 of 2nd period - Mark Scheifele wins face-off versus Dylan Cozens in Anaheim Ducks zone.
16:32 of 2nd period - Minor Penalty to Jakob Chychrun for Holding.
16:33 of 2nd period - Gabriel Landeskog wins face-off versus Chandler Stephenson in Anaheim Ducks zone.
17:07 of 2nd period - Slapshot by Johnny Gaudreau.
17:07 of 2nd period - Stopped by Robin Lehner with a rebound.
17:09 of 2nd period - Slapshot by Moritz Seider.
17:09 of 2nd period - Stopped by Robin Lehner without a rebound.
17:10 of 2nd period - Anze Kopitar wins face-off versus Chandler Stephenson in Anaheim Ducks zone.
17:47 of 2nd period - Snap shot by Dylan Cozens.
17:47 of 2nd period - Stopped by Robin Lehner without a rebound.
17:48 of 2nd period - Chandler Stephenson wins face-off versus Anze Kopitar in Anaheim Ducks zone.
18:26 of 2nd period - Snap shot by Johnny Gaudreau.
18:26 of 2nd period - Stopped by Robin Lehner with a rebound.
18:32 of 2nd period - Penalty to Jakob Chychrun is over, Jakob Chychrun is back on ice.
18:37 of 2nd period - Off-side.
18:38 of 2nd period - Ivan Barbashev wins face-off versus William Nylander in neutral zone.
18:53 of 2nd period - Snap shot by Nazem Kadri.
18:53 of 2nd period - Stopped by Jeremy Swayman with a rebound.
18:55 of 2nd period - Snap shot by Esa Lindell.
18:55 of 2nd period - Deflect By Mark Scheifele.
18:55 of 2nd period - Shot Misses the Net.
18:55 of 2nd period - Puck is out of play.
18:56 of 2nd period - John Tavares wins face-off versus Tomas Hertl in Tampa Bay Lightning zone.
19:09 of 2nd period - Snap shot by John Tavares.
19:09 of 2nd period - Stopped by Jeremy Swayman with a rebound.
19:23 of 2nd period - Vladislav Gavrikov is hit by Mark Scheifele and loses puck.
Goals for this period are 1 for Tampa Bay Lightning vs 1 for Anaheim Ducks.
Shots for this period are 12 for Tampa Bay Lightning vs 9 for Anaheim Ducks.
3rd period
0:01 of 3rd period - Tomas Hertl wins face-off versus Nazem Kadri in neutral zone.
0:16 of 3rd period - Snap shot by Nazem Kadri.
0:16 of 3rd period - Shot Blocked by Hampus Lindholm.
1:22 of 3rd period - Ryan Graves is hit by Radek Faksa and loses puck.
1:37 of 3rd period - Wrist shot by Johnny Gaudreau.
1:37 of 3rd period - Stopped by Robin Lehner with a rebound.
1:39 of 3rd period - Wrist shot by Johnny Gaudreau.
1:39 of 3rd period - Shot Misses the Net.
1:57 of 3rd period - Wrist shot by William Nylander.
1:57 of 3rd period - Shot Misses the Net.
1:59 of 3rd period - Backhand shot by Teuvo Teravainen.
1:59 of 3rd period - Stopped by Jeremy Swayman without a rebound.
2:00 of 3rd period - John Tavares wins face-off versus Gabriel Landeskog in Tampa Bay Lightning zone.
2:11 of 3rd period - Wrist shot by Teuvo Teravainen.
2:11 of 3rd period - Stopped by Jeremy Swayman with a rebound.
2:29 of 3rd period - Snap shot by Anze Kopitar.
2:29 of 3rd period - Stopped by Robin Lehner without a rebound.
2:30 of 3rd period - William Nylander wins face-off versus Kirill Kaprizov in Anaheim Ducks zone.
3:37 of 3rd period - Minor Penalty to John Tavares for Roughing.
3:38 of 3rd period - Anze Kopitar wins face-off versus Chandler Stephenson in Anaheim Ducks zone.
4:00 of 3rd period - Icing by Gabriel Landeskog.
4:01 of 3rd period - Chandler Stephenson wins face-off versus Anze Kopitar in Tampa Bay Lightning zone.
4:16 of 3rd period - Slapshot by Roope Hintz.
4:16 of 3rd period - Stopped by Robin Lehner with a rebound.
4:30 of 3rd period - Snap shot by Roope Hintz.
4:30 of 3rd period - Stopped by Robin Lehner with a rebound.
4:48 of 3rd period - Slapshot by Kirill Kaprizov.
4:48 of 3rd period - Shot Misses the Net.
4:50 of 3rd period - Snap shot by Tomas Hertl.
4:50 of 3rd period - Stopped by Robin Lehner with a rebound.
4:52 of 3rd period - Snap shot by Dylan Cozens.
4:52 of 3rd period - Shot Blocked by Josh Manson.
4:54 of 3rd period - Wrist shot by Johnny Gaudreau.
4:54 of 3rd period - Stopped by Robin Lehner without a rebound.
4:55 of 3rd period - Tomas Hertl wins face-off versus Brayden Schenn in Anaheim Ducks zone.
5:04 of 3rd period - Snap shot by Tomas Hertl.
5:04 of 3rd period - Deflect By Johnny Gaudreau.
5:04 of 3rd period - Stopped by Robin Lehner with a rebound.
5:20 of 3rd period - Jakob Chychrun is hit by Dylan Cozens and loses puck.
5:37 of 3rd period - Penalty to John Tavares is over, John Tavares is back on ice.
5:49 of 3rd period - Slapshot by Esa Lindell.
5:49 of 3rd period - Stopped by Jeremy Swayman with a rebound.
5:55 of 3rd period - Brayden Schenn is hit by Lars Eller and loses puck.
6:29 of 3rd period - Slapshot by William Nylander.
6:29 of 3rd period - Deflect By Nazem Kadri.
6:29 of 3rd period - Stopped by Jeremy Swayman without a rebound.
6:30 of 3rd period - Mark Scheifele wins face-off versus Dylan Cozens in Tampa Bay Lightning zone.
6:33 of 3rd period - Wrist shot by Nazem Kadri.
6:33 of 3rd period - Stopped by Jeremy Swayman with a rebound.
6:57 of 3rd period - Jakob Chychrun is hit by Vladislav Gavrikov.
7:22 of 3rd period - Brenden Dillon is hit by Ryan Graves and loses puck.
7:34 of 3rd period - Moritz Seider is hit by Teuvo Teravainen and loses puck.
7:43 of 3rd period - Slapshot by Ryan Graves.
7:43 of 3rd period - Stopped by Robin Lehner without a rebound.
7:44 of 3rd period - Nazem Kadri wins face-off versus Dylan Cozens in Anaheim Ducks zone.
8:17 of 3rd period - Wrist shot by Gabriel Landeskog.
8:17 of 3rd period - Deflect By Anze Kopitar.
8:17 of 3rd period - Shot Misses the Net.
8:17 of 3rd period - Puck is out of play.
8:18 of 3rd period - Tomas Hertl wins face-off versus John Tavares in Anaheim Ducks zone.
8:21 of 3rd period - Wrist shot by Kirill Kaprizov.
8:21 of 3rd period - Shot Blocked by Teuvo Teravainen.
8:23 of 3rd period - Snap shot by Tomas Hertl.
8:23 of 3rd period - Shot Misses the Net.
8:41 of 3rd period - Minor Penalty to Teuvo Teravainen for Interference.
8:42 of 3rd period - Alex Killorn wins face-off versus Anze Kopitar in Anaheim Ducks zone.
9:15 of 3rd period - Snap shot by Alexandre Texier.
9:15 of 3rd period - Stopped by Jeremy Swayman without a rebound.
9:16 of 3rd period - J.T. Compher wins face-off versus Gabriel Landeskog in Tampa Bay Lightning zone.
9:25 of 3rd period - Snap shot by Gabriel Landeskog.
9:25 of 3rd period - Shot Misses the Net.
10:28 of 3rd period - Snap shot by J.T. Compher.
10:28 of 3rd period - Goal by J.T. Compher - Tampa Bay Lightning : 1 - Anaheim Ducks : 3.
10:29 of 3rd period - Gabriel Landeskog wins face-off versus Chandler Stephenson in neutral zone.
10:32 of 3rd period - Ivan Provorov is hit by Anze Kopitar and loses puck.
10:39 of 3rd period - Snap shot by Gabriel Landeskog.
10:39 of 3rd period - Goal by Gabriel Landeskog - Tampa Bay Lightning : 2 - Anaheim Ducks : 3.
10:40 of 3rd period - Tomas Hertl wins face-off versus Nazem Kadri in neutral zone.
10:42 of 3rd period - Darnell Nurse is hit by William Nylander and loses puck.
10:51 of 3rd period - Wrist shot by William Nylander.
10:51 of 3rd period - Shot Blocked by Kirill Kaprizov.
11:09 of 3rd period - Snap shot by Teuvo Teravainen.
11:09 of 3rd period - Shot Misses the Net.
11:33 of 3rd period - Snap shot by Mason Marchment.
11:33 of 3rd period - Deflect By Radek Faksa.
11:33 of 3rd period - Shot Blocked by Vladislav Gavrikov.
11:33 of 3rd period - Puck is out of play.
11:34 of 3rd period - Radek Faksa wins face-off versus Connor Brown in Tampa Bay Lightning zone.
11:44 of 3rd period - Icing by Moritz Seider.
11:45 of 3rd period - Nazem Kadri wins face-off versus Dylan Cozens in Tampa Bay Lightning zone.
11:54 of 3rd period - Snap shot by Mark Scheifele.
11:54 of 3rd period - Stopped by Jeremy Swayman without a rebound.
11:55 of 3rd period - Nazem Kadri wins face-off versus Tomas Hertl in Tampa Bay Lightning zone.
12:06 of 3rd period - Snap shot by William Nylander.
12:06 of 3rd period - Stopped by Jeremy Swayman without a rebound.
12:07 of 3rd period - Nazem Kadri wins face-off versus Tomas Hertl in Tampa Bay Lightning zone.
12:18 of 3rd period - Snap shot by Kirill Kaprizov.
12:18 of 3rd period - Shot Misses the Net.
12:40 of 3rd period - Moritz Seider is hit by Jakob Chychrun and loses puck.
13:25 of 3rd period - Slapshot by Jakob Chychrun.
13:25 of 3rd period - Shot Blocked by Alexander Kerfoot.
13:27 of 3rd period - Snap shot by J.T. Compher.
13:27 of 3rd period - Goal by J.T. Compher - Tampa Bay Lightning : 2 - Anaheim Ducks : 4.
13:28 of 3rd period - Tomas Hertl wins face-off versus Nazem Kadri in neutral zone.
14:24 of 3rd period - Backhand shot by Connor Brown.
14:24 of 3rd period - Stopped by Robin Lehner with a rebound.
14:57 of 3rd period - Slapshot by Darnell Nurse.
14:57 of 3rd period - Stopped by Robin Lehner without a rebound.
14:58 of 3rd period - Nazem Kadri wins face-off versus Tomas Hertl in Anaheim Ducks zone.
15:03 of 3rd period - Snap shot by Jakob Chychrun.
15:03 of 3rd period - Shot Blocked by Ryan Graves.
15:05 of 3rd period - Slapshot by Esa Lindell.
15:05 of 3rd period - Stopped by Jeremy Swayman with a rebound.
15:07 of 3rd period - Slapshot by Jakob Chychrun.
15:07 of 3rd period - Shot Blocked by Kirill Kaprizov.
15:09 of 3rd period - Snap shot by William Nylander.
15:09 of 3rd period - Shot Blocked by Moritz Seider.
15:11 of 3rd period - Slapshot by Esa Lindell.
15:11 of 3rd period - Deflect By Mark Scheifele.
15:11 of 3rd period - Stopped by Jeremy Swayman with a rebound.
15:13 of 3rd period - Slapshot by Jakob Chychrun.
15:13 of 3rd period - Shot Misses the Net.
15:15 of 3rd period - Slapshot by Jakob Chychrun.
15:15 of 3rd period - Stopped by Jeremy Swayman with a rebound.
15:17 of 3rd period - Slapshot by Esa Lindell.
15:17 of 3rd period - Stopped by Jeremy Swayman without a rebound.
15:18 of 3rd period - Chandler Stephenson wins face-off versus Dylan Cozens in Tampa Bay Lightning zone.
15:29 of 3rd period - Wrist shot by Alex Killorn.
15:29 of 3rd period - Shot Misses the Net.
15:45 of 3rd period - Alexander Romanov is hit by Brayden Schenn and loses puck.
15:52 of 3rd period - Slapshot by Brayden Schenn.
15:52 of 3rd period - Goal by Brayden Schenn - Tampa Bay Lightning : 2 - Anaheim Ducks : 5.
15:53 of 3rd period - Tomas Hertl wins face-off versus Nazem Kadri in neutral zone.
15:58 of 3rd period - Snap shot by Johnny Gaudreau.
15:58 of 3rd period - Stopped by Robin Lehner with a rebound.
16:00 of 3rd period - Backhand shot by Ryan Graves.
16:00 of 3rd period - Stopped by Robin Lehner with a rebound.
16:02 of 3rd period - Snap shot by Moritz Seider.
16:02 of 3rd period - Stopped by Robin Lehner without a rebound.
16:03 of 3rd period - Tomas Hertl wins face-off versus Nazem Kadri in Anaheim Ducks zone.
16:34 of 3rd period - Wrist shot by Kirill Kaprizov.
16:34 of 3rd period - Stopped by Robin Lehner with a rebound.
16:36 of 3rd period - Snap shot by Tomas Hertl.
16:36 of 3rd period - Shot Misses the Net.
16:38 of 3rd period - Wrist shot by Johnny Gaudreau.
16:38 of 3rd period - Shot Blocked by Esa Lindell.
16:40 of 3rd period - Wrist shot by Kirill Kaprizov.
16:40 of 3rd period - Stopped by Robin Lehner with a rebound.
16:42 of 3rd period - Snap shot by Kirill Kaprizov.
16:42 of 3rd period - Deflect By Tomas Hertl.
16:42 of 3rd period - Goal by Tomas Hertl - Tampa Bay Lightning : 3 - Anaheim Ducks : 5.
16:43 of 3rd period - Dylan Cozens wins face-off versus Chandler Stephenson in neutral zone.
16:46 of 3rd period - Snap shot by Connor Brown.
16:46 of 3rd period - Stopped by Robin Lehner without a rebound.
16:47 of 3rd period - Dylan Cozens wins face-off versus Chandler Stephenson in Anaheim Ducks zone.
16:52 of 3rd period - Snap shot by Roope Hintz.
16:52 of 3rd period - Shot Misses the Net.
16:54 of 3rd period - Wrist shot by Connor Brown.
16:54 of 3rd period - Stopped by Robin Lehner with a rebound.
16:56 of 3rd period - Wrist shot by Dylan Cozens.
16:56 of 3rd period - Stopped by Robin Lehner without a rebound.
16:57 of 3rd period - Chandler Stephenson wins face-off versus Dylan Cozens in Anaheim Ducks zone.
17:08 of 3rd period - Wrist shot by Roope Hintz.
17:08 of 3rd period - Stopped by Robin Lehner without a rebound.
17:09 of 3rd period - Chandler Stephenson wins face-off versus Roope Hintz in Anaheim Ducks zone.
17:44 of 3rd period - Slapshot by William Nylander.
17:44 of 3rd period - Shot Misses the Net.
18:41 of 3rd period - Wrist shot by Chandler Stephenson.
18:41 of 3rd period - Shot Misses the Net.
Goals for this period are 2 for Tampa Bay Lightning vs 3 for Anaheim Ducks.
Shots for this period are 21 for Tampa Bay Lightning vs 15 for Anaheim Ducks.
Back to the Top